 Dungeon Crawl Stone Soup version 0.19.5 (webtiles) character file.

166418 Mesmaeker13 the Devastator (level 17, -3/136 HPs)
             Began as a Gargoyle Conjurer on May 17, 2017.
             Was the Champion of Vehumet.
             Slain by a manticore (5 damage)
             ... on level 3 of the Shoals.
             The game lasted 02:34:59 (46905 turns).

Mesmaeker13 the Devastator (Gargoyle Conjurer)     Turns: 46905, Time: 02:35:00

Health: -3/136     AC: 31    Str: 18    XL:     17   Next: 90%
Magic:  5/31       EV:  2    Int: 27    God:    Vehumet [******]
Gold:   1009       SH: 14    Dex: 10    Spells: 9 memorised, 2 levels left

rFire  . . .     SeeInvis .     N - +9 flail of Okawaru's Displeasure {holy, MR+}
rCold  . . .     Gourm    +     (armour currently unavailable)
rNeg   + + +     Faith    .     e - +1 shield {AC+3}
rPois  ∞         Spirit   .     (helmet currently unavailable)
rElec  .         Reflect  .     (cloak currently unavailable)
rCorr  .         Harm     .     (gloves currently unavailable)
MR     +++..     NoTele   +     (boots currently unavailable)
Stlth  ++........               P - amulet of the gourmand
                                x - ring of protection from magic
                                l - +5 ring of intelligence

@: mighty, tree-form, very slightly contaminated
A: (big wings), frail 1, negative energy resistance 1, (electricity resistance),
(unbreathing), petrification resistance, rot immunity, AC +12
a: Renounce Religion


You were on level 3 of the Shoals.
You worshipped Vehumet.
Vehumet was exalted by your worship.
You were very full.
You were a tree.
You visited 6 branches of the dungeon, and saw 29 of its levels.
You also visited: Volcano.

You collected 2559 gold pieces.
You spent 1550 gold pieces at shops.

Inventory:

Hand Weapons
 j - the +6 hand crossbow "Ufing" {elec, *Contam +Fly rPois Stlth+, unknown}
   (You found it on level 6 of the Lair of Beasts)

   It charges the ammunition it shoots with electricity; occasionally upon a
   hit, such missiles may discharge and cause terrible harm.
   It protects you from poison.
   It lets you fly.
   It causes magical contamination when unequipped.
   It makes you more stealthy.
 N - the +9 flail of Okawaru's Displeasure (weapon) {holy, MR+}
   (You found it on level 9 of the Dungeon)

   It has been blessed by the Shining One to cause great damage to the undead
   and demons.
   It affects your resistance to hostile enchantments.
 X - the +10 trident "Tormentor" {pierce, *Contam rN+ Stlth+}
   (You found it on level 15 of the Dungeon)

   It inflicts extra damage upon your enemies.
   It protects you from negative energy.
   It causes magical contamination when unequipped.
   It makes you more stealthy.
Missiles
 a - a throwing net (quivered)
 y - 105 poisoned needles
Armour
 e - a +1 shield of protection (worn)
 t - the +0 cloak "Forget-Me-Not" (melded) {+Inv rC+}
   (You bought it in a shop on level 1 of the Orcish Mines)

   It protects you from cold.
   It lets you turn invisible.
 D - +0 fire dragon scales (melded)
 F - a +1 hat (melded)
 K - a +0 pair of gloves (melded)
Magical Staves
 V - an uncursed staff of wizardry
Jewellery
 l - a +5 ring of intelligence (left branch)
 w - an uncursed amulet of rage
 x - a ring of protection from magic (right branch)
 P - an amulet of the gourmand (around neck)
Wands
 I - a wand of paralysis (14/24)
 S - a wand of digging (0/24)
Scrolls
 d - 6 scrolls of blinking
 k - 16 scrolls of remove curse
 m - 2 scrolls of amnesia
 o - a scroll of silence {unknown}
 s - 4 scrolls of magic mapping
 u - 3 scrolls of fog {unknown}
 A - 2 scrolls of noise
 C - a scroll of teleportation
 O - 3 scrolls of vulnerability {unknown}
 R - 2 scrolls of recharging
 T - a scroll of holy word {unknown}
 W - a scroll of summoning
 Y - a scroll of fear
Potions
 b - 3 potions of might
 g - 3 potions of berserk rage
 i - 7 potions of curing
 n - a potion of cure mutation
 p - 4 potions of flight
 q - a potion of ambrosia
 v - 3 potions of degeneration {unknown}
 z - 4 potions of heal wounds
 E - 2 potions of haste
 G - 7 potions of agility
 M - 3 potions of invisibility
 Q - a potion of brilliance
Miscellaneous
 f - a crystal ball of energy
Comestibles
 c - 14 bread rations
 r - a beef jerky
 B - 2 fruits
 H - 3 slices of pizza
 J - 4 chunks of flesh
 U - 2 meat rations


   Skills:
 - Level 10.0 Fighting
 + Level 10.0 Armour
 - Level 5.3 Dodging
 - Level 2.1 Stealth
 - Level 15.1 Shields
 + Level 10.4 Spellcasting
 - Level 17.0 Conjurations
 - Level 8.1 Hexes
 - Level 10.0 Charms
 - Level 5.4 Necromancy
 + Level 5.9 Fire Magic


You had 2 spell levels left.
You knew the following spells:

 Your Spells              Type           Power        Failure   Level  Hunger
a - Magic Dart            Conj           ####         0%          1    None
b - Spectral Weapon       Hex/Chrm       ######..     1%          3    None
c - Dazzling Spray        Conj/Hex       ######       1%          3    None
d - Fulminant Prism       Conj/Hex       ######....   1%          4    None
e - Iskenderun's Battles  Conj/Chrm      ######..     1%          5    ###....
f - Shroud of Golubria    Chrm/Tloc      #####.....   1%          2    None
g - Regeneration          Chrm/Necr      ######....   1%          3    None
h - Bolt of Fire          Conj/Fire      ######....   2%          6    #####..
i - Orb of Destruction    Conj           #######...   1%          7    ######.


Dungeon Overview and Level Annotations

Branches:
Dungeon (15/15)            Temple (1/1) D:4            Lair (6/6) D:11
 Shoals (3/4) Lair:3       Spider (2/4) Lair:4        Slime (0/5) Lair:6
    Orc (2/2) D:11            Elf (0/3) Orc:2        Vaults (0/5) D:14
 Depths (0/5) D:15

Altars:
Ashenzari
Cheibriados
Dithmenos
Elyvilon
Fedhas
Gozag
Hepliaklqana
Kikubaaqudgha
Makhleb
Nemelex Xobeh
Okawaru
Qazlal
Ru
Sif Muna
Trog
Uskayaw
Vehumet
Xom
Yredelemnul
Zin
The Shining One
Beogh
Jiyva

Shops:
D:7 ?*   D:8 *   D:12 }   Orc:1 [   Orc:2 :?}(

Annotations:
D:2 1 runed door
Orc:1 Rupert
Orc:2 exclusion: oklob plant


Innate Abilities, Weirdness & Mutations

You are resistant to torment.
((Your stone body is resilient. (AC +12)))
You are immune to poison.
((Your large and strong wings let you fly indefinitely.))
You resist negative energy. (rN+)
((You are resistant to electric shocks. (rElec)))
((You can survive without breathing.))
You are immune to petrification.
You are immune to rotting.
You are frail. (-10% HP)


Message History

Your +0 pair of gloves melds into your body.
Your +0 fire dragon scales melds into your body.
Your roots penetrate the ground.
Nikola warns, "If you see one of my golems, approach with caution, they bite."
You block Nikola's attack. The manticore bites you.
* * * LOW HITPOINT WARNING * * *
You block the manticore's attack.
The manticore claws you but does no damage.
You feel much better.
Nikola mumbles some strange words.
You hear a mighty clap of thunder!
The lightning arc hits you!
* * * LOW HITPOINT WARNING * * *
The lightning arc hits Nikola.
Nikola dies!
Your Armour skill increases to level 10!
The lightning arc hits you!
* * * LOW HITPOINT WARNING * * *
The lightning arc grounds out.
The manticore bites you.
You die...

≈≈≈≈≈≈...###......##..
≈≈≈≈≈....# ##.....# ..
≈≈≈≈≈....# #...... .
≈≈≈≈≈≈≈..## #......>
≈≈.≈≈≈≈≈..## #P.....
≈≈≈≈≈≈≈≈≈..# ...#
≈≈≈≈≈≈≈.≈≈.#### ...P#
≈≈≈≈≈≈≈≈≈≈..>.#?P..PP
≈≈≈≈≈≈≈≈≈≈..H♣)..#
≈≈≈≈≈≈≈≈≈≈≈.###..P.PP
≈≈≈≈≈≈≈≈≈≈.#


PPPPP ≈≈≈≈≈≈≈≈≈.# ..PP ≈≈≈≈≈≈≈≈.. ≈P. ≈≈≈≈≈≈≈≈≈≈ ≈≈ ≈≈≈≈≈≈≈≈≈≈ ≈ ≈≈≈≈≈≈≈≈≈≈
≈≈≈.≈≈≈≈≈≈≈ You could see a manticore.

Vanquished Creatures
  Aizul (Shoals:1)
  2 emperor scorpions (Spider:1)
  A very ugly thing (D:15)
  2 spark wasps (Spider:1)
  A merfolk javelineer (Shoals:1)
  A death ooze (Lair:6)
  An ettin (D:15)
  A merfolk impaler (Shoals:1)
  A rakshasa (D:15)
  5 hydras
  Erica (D:8)
  A merfolk avatar (Shoals:2)
  2 catoblepae
  2 dancing weapons (D:14)
  4 centaur warriors
  A deep troll shaman (Lair:6)
  A death knight (D:14)
  5 death yaks
  3 ogre magi
  An orc high priest (Orc:1)
  A fire crab (shapeshifter) (D:15)
  10 sea snakes
  10 skeletal warriors
  A wizard (D:13)
  3 unseen horrors
  A deep elf archer (D:15)
  A swamp dragon (shapeshifter) (D:8)
  8 hill giants
  2 lindwurms (Volcano)
  Pikel (D:4)
  A wolf spider zombie (D:15)
  4 deep elf magi
  15 harpies
  10 orb spiders (Spider:1)
  An orc knight (Orc:1)
  11 orc sorcerers
  8 wolf spiders (Spider:1)
  18 fauns
  3 cyclopes
  6 manticores
  26 ugly things
  A moth of wrath (Spider:1)
  A toenail golem (Volcano)
  5 sirens
  4 black mambas
  3 molten gargoyles (Volcano)
  2 water nymphs (Shoals:2)
  Psyche (D:8)
  6 elephants (Lair:6)
  2 gargoyles
  2 yaktaurs
  14 spiny frogs
  2 rime drakes
  5 efreet
  3 kobold demonologists
  9 komodo dragons
  7 demonic crawlers (Spider:1)
  9 trolls
  A komodo dragon (shapeshifter) (D:14)
  4 merfolk
  18 jumping spiders
  3 hornets (Spider:1)
  A wind drake (Shoals:2)
  2 two-headed ogres
  Grinder (D:4)
  2 polar bears
  8 blink frogs
  19 dream sheep
  21 hippogriffs
  2 slime creatures
  3 snapping turtles
  26 redbacks
  5 wyverns
  A water elemental (Shoals:2)
  18 tarantellas
  A centaur simulacrum (D:15)
  3 shadows
  3 wraiths
  4 fire elementals (Volcano)
  2 hogs (D:11)
  A human (D:11)
  A vampire (D:15)
  58 yaks
  2 hungry ghosts (D:13)
  7 vampire mosquitoes
  2 steam dragons
  Grum (D:8)
  2 basilisks
  Menkaure (D:4)
  A mottled dragon (D:15)
  Edmund (D:6)
  2 soldier ants
  A warg (Orc:2)
  A soldier ant (shapeshifter) (D:15)
  9 porcupines
  19 water moccasins
  A hornet zombie (D:14)
  A slave (D:4)
  18 orc warriors
  5 ice beasts
  2 eyes of draining
  8 sky beasts
  A necrophage (D:8)
  16 ogres
  A black bear (Lair:6)
  3 phantoms
  17 wolves
  A boggart (shapeshifter) (D:13)
  32 centaurs
  10 crocodiles
  6 big kobolds
  Blork the orc (D:4)
  20 bullfrogs
  2 earth elementals (Volcano)
  A wyvern skeleton (D:9)
  2 scorpions
  9 killer bees
  A howler monkey (D:6)
  6 wights
  6 electric eels
  A bullfrog zombie (D:11)
  10 crimson imps
  Crazy Yiuf (D:7)
  7 centaur skeletons
  28 orc wizards
  4 quasits
  5 hounds
  6 jellies
  19 orc priests
  Jessica (D:3)
  4 bullfrog skeletons
  4 iguanas
  Natasha (D:3)
  6 worker ants
  A hound zombie (D:6)
  A hound skeleton (D:4)
  3 worker ant zombies
  A howler monkey skeleton (D:11)
  15 adders
  4 shadow imps
  4 oozes
  An adder skeleton (D:4)
  An adder zombie (D:9)
  7 worms
  4 dart slugs
  4 leopard geckos
  47 orcs
  8 bats
  8 giant cockroaches
  8 hobgoblins
  16 jackals
  24 kobolds
  4 quokkas
  3 ball pythons
  3 frilled lizards
  5 goblins
  A goblin skeleton (D:2)
  A goblin zombie (D:2)
  A jackal zombie (D:2)
  A leopard gecko zombie (D:5)
  A quokka skeleton (D:8)
  2 rats
  2 fire vortices (Volcano)
  4 plants (Shoals:2)
963 creatures vanquished.

Vanquished Creatures (others)
  Nikola (Shoals:3)
  A wizard (D:4)
  2 orcs
  A fire vortex (Volcano)
  126 fulminant prisms
  19 fungi
  18 plants
  4 spectral weapons (Spider:1)
172 creatures vanquished.

Grand Total: 1135 creatures vanquished

Notes
Turn   | Place    | Note
-------+----------+-------------------------------------------
     0 | D:1      | Mesmaeker13 the Gargoyle Conjurer began the quest for the Orb.
     0 | D:1      | Reached XP level 1. HP: 10/10 MP: 3/3
   345 | D:1      | Reached XP level 2. HP: 9/15 MP: 0/5
  1098 | D:1      | Reached skill level 5 in Conjurations
  1376 | D:1      | Reached XP level 3. HP: 16/19 MP: 1/6
  1546 | D:2      | Learned a level 2 spell: Searing Ray
  1547 | D:2      | Found a runed door.
  1547 | D:2      | Noticed a human
  2485 | D:2      | Reached XP level 4. HP: 18/24 MP: 3/8
  2888 | D:2      | Found a basalt altar of Yredelemnul.
  2907 | D:2      | You fall through a shaft!
  2907 | D:3      | Noticed Natasha
  3038 | D:2      | Reached skill level 1 in Shields
  3917 | D:3      | Reached XP level 5. HP: 28/28 MP: 5/9
  3946 | D:3      | Noticed Jessica
  4091 | D:3      | Killed Jessica
  4424 | D:4      | Learned a level 3 spell: Dazzling Spray
  4433 | D:4      | Found an iron altar of Okawaru.
  4445 | D:4      | Noticed a hippogriff
  4460 | D:4      | Gained mutation: Scrolls take you a little longer to read. [potion of mutation]
  4460 | D:4      | Gained mutation: You expend magic power (3 MP) to strengthen your wands. [potion of mutation]
  4530 | D:4      | Killed a hippogriff
  4530 | D:4      | Reached skill level 6 in Conjurations
  4530 | D:4      | Reached XP level 6. HP: 23/32 MP: 2/11
  4959 | D:4      | Reached XP level 7. HP: 36/36 MP: 9/13
  5070 | D:4      | Found a staircase to the Ecumenical Temple.
  5090 | D:4      | Noticed Grinder
  5106 | D:5      | Entered Level 5 of the Dungeon
  5576 | D:5      | Found a glowing silver altar of Zin.
  5579 | D:5      | Found a sparkling altar of Nemelex Xobeh.
  5579 | D:5      | Found an ancient bone altar of Kikubaaqudgha.
  5580 | D:5      | Found a burning altar of Makhleb.
  5581 | D:5      | Found a stormy altar of Qazlal.
  5669 | D:5      | Reached skill level 7 in Conjurations
  5872 | D:5      | Found a snail-covered altar of Cheibriados.
  6294 | D:5      | Reached skill level 5 in Spellcasting
  6294 | D:5      | Reached XP level 8. HP: 41/41 MP: 11/15
  6382 | D:5      | Reached skill level 5 in Shields
  6393 | D:5      | Found a shattered altar of Ashenzari.
  6396 | D:5      | You fall through a shaft for 3 floors!
  6406 | D:8      | Noticed a wyvern
  6655 | D:8      | Reached skill level 1 in Hexes
  6891 | D:7      | Found a runed door.
  6895 | D:7      | Noticed Crazy Yiuf
  6899 | D:7      | Killed Crazy Yiuf
  7218 | D:7      | Found Otout's General Store.
  7231 | D:7      | Learned a level 4 spell: Fulminant Prism
  7264 | D:7      | Bought a scroll of blinking for 97 gold pieces
  7432 | D:7      | Reached skill level 8 in Conjurations
  8147 | D:6      | Reached XP level 9. HP: 45/45 MP: 16/18
  8483 | D:6      | Noticed Edmund
  8497 | D:6      | Lost mutation: You expend magic power (3 MP) to strengthen your wands. [potion of cure mutation]
  8497 | D:6      | Lost mutation: Scrolls take you a little longer to read. [potion of cure mutation]
  8508 | D:6      | Killed Edmund
  8876 | D:6      | Got a transparent leather armour
  8889 | D:6      | Reached skill level 9 in Conjurations
  9029 | D:6      | Found a deep blue altar of Sif Muna.
  9631 | D:7      | Found Ameq's Magic Scroll Emporium.
  9636 | D:7      | Bought a scroll of identify for 22 gold pieces
  9636 | D:7      | Bought a scroll of identify for 22 gold pieces
  9636 | D:7      | Identified the +1 leather armour of Creativity {-Tele rCorr Int+2} (You found it on level 6 of the Dungeon)
  9644 | D:7      | Bought a scroll of teleportation for 33 gold pieces
  9644 | D:7      | Bought a scroll of identify for 22 gold pieces
  9917 | D:8      | Noticed Psyche
 10127 | D:8      | Found Zojumm's Assorted Antiques.
 10167 | D:8      | Learned a level 5 spell: Iskenderun's Battlesphere
 10194 | D:8      | Noticed Grum
 10450 | D:8      | Reached skill level 1 in Charms
 10454 | D:8      | Killed Grum
 10464 | D:8      | Reached skill level 5 in Hexes
 10712 | D:8      | Reached XP level 10. HP: 50/50 MP: 17/20
 10727 | D:8      | Reached skill level 10 in Conjurations
 10829 | D:8      | Killed Psyche
 11078 | D:8      | Noticed a swamp dragon
 11078 | D:8      | a blink frog changed into a swamp dragon
 11088 | D:8      | Killed a swamp dragon
 11193 | D:8      | Noticed Erica
 11338 | D:8      | Killed Erica
 11473 | D:9      | Got an ichor-stained flail
 11489 | D:9      | Identified the +9 flail of Okawaru's Displeasure {holy, MR+} (You found it on level 9 of the Dungeon)
 11614 | D:4      | Reached skill level 11 in Conjurations
 11624 | Temple   | Entered the Ecumenical Temple
 11653 | Temple   | Became a worshipper of Vehumet
 11849 | D:4      | Noticed Menkaure
 11854 | D:4      | Killed Menkaure
 11886 | D:4      | Noticed Pikel
 11898 | D:4      | Killed Pikel
 11976 | D:4      | Found a bloodstained altar of Trog.
 11977 | D:4      | Noticed a wizard
 11982 | D:4      | Killed a wizard
 12025 | D:4      | Noticed Blork the orc
 12031 | D:4      | Killed Blork the orc
 12140 | D:4      | Killed Grinder
 12140 | D:4      | Reached skill level 5 in Charms
 12249 | D:4      | Found a bloodstained altar of Trog.
 12367 | D:3      | Killed Natasha
 12448 | D:7      | Reached XP level 11. HP: 52/54 MP: 12/21
 12565 | D:8      | Bought a bloodstained helmet for 304 gold pieces
 12576 | D:8      | Identified the +1 helmet of Resilience {*Corrode rElec Dex+3} (You bought it in a shop on level 8 of the Dungeon)
 12778 | D:9      | Found a stormy altar of Qazlal.
 12797 | D:9      | Reached * piety under Vehumet
 12797 | D:9      | Offered knowledge of Sting by Vehumet.
 13210 | D:9      | Killed an unseen horror
 13586 | D:10     | Entered Level 10 of the Dungeon
 13643 | D:10     | Found a shadowy altar of Dithmenos.
 13836 | D:10     | Reached skill level 12 in Conjurations
 14174 | D:10     | Reached ** piety under Vehumet
 14183 | D:10     | Offered knowledge of Sandblast by Vehumet.
 14504 | D:10     | Found a radiant altar of Vehumet.
 14514 | D:10     | Reached skill level 1 in Armour
 15012 | D:11     | Noticed a hill giant
 15106 | D:11     | Found a blossoming altar of Fedhas.
 16570 | D:11     | Killed a hill giant
 16570 | D:11     | Reached XP level 12. HP: 44/59 MP: 2/22
 16807 | D:11     | Found a staircase to the Lair.
 16992 | D:11     | Reached skill level 13 in Conjurations
 17189 | D:11     | Learned a level 2 spell: Shroud of Golubria
 17338 | D:11     | Reached skill level 1 in Fighting
 17338 | D:11     | Reached skill level 5 in Armour
 17370 | D:11     | Offered knowledge of Ignite Poison by Vehumet.
 17527 | D:11     | Found a staircase to the Orcish Mines.
 17692 | Lair:1   | Entered Level 1 of the Lair of Beasts
 17711 | D:11     | Reached *** piety under Vehumet
 18533 | Lair:1   | Offered knowledge of Inner Flame by Vehumet.
 19423 | Lair:2   | Found a dark tunnel.
 19431 | Lair:2   | Reached skill level 5 in Fighting
 19540 | Lair:2   | Reached XP level 13. HP: 62/73 MP: 9/25
 19638 | Lair:1   | Learned a level 3 spell: Regeneration
 19757 | Volcano  | Entered a volcano
 20798 | Volcano  | Reached **** piety under Vehumet
 22225 | Lair:3   | Offered knowledge of Olgreb's Toxic Radiance by Vehumet.
 22449 | Lair:3   | Reached skill level 10 in Charms
 22651 | Lair:3   | Found a staircase to the Shoals.
 22760 | Lair:3   | Reached skill level 1 in Necromancy
 22775 | Lair:3   | Identified the Papyrus of Dusty Necromancy
 23451 | Lair:4   | Found a hole to the Spider Nest.
 24463 | Lair:5   | Reached ***** piety under Vehumet
 24603 | Lair:5   | Offered knowledge of Lee's Rapid Deconstruction by Vehumet.
 24604 | Lair:5   | Gained mutation: Your large and strong wings let you fly indefinitely. [Gargoyle growth]
 24604 | Lair:5   | Reached XP level 14. HP: 84/84 MP: 19/27
 25024 | Lair:6   | Entered Level 6 of the Lair of Beasts
 25361 | Lair:6   | Reached skill level 10 in Spellcasting
 26666 | Lair:6   | Reached skill level 10 in Fighting
 26819 | Lair:6   | Found a viscous altar of Jiyva.
 26819 | Lair:6   | Found a staircase to the Slime Pits.
 27858 | Lair:6   | Noticed a dire elephant
 28229 | Lair:6   | Got a polished hand crossbow
 28296 | Lair:6   | Reached skill level 5 in Dodging
 28786 | Orc:1    | Entered Level 1 of the Orcish Mines
 29343 | Orc:1    | Found a frozen archway.
 29390 | Orc:1    | Offered knowledge of Spellforged Servitor by Vehumet.
 29404 | Orc:1    | Learned a level 7 spell: Spellforged Servitor
 29809 | Orc:1    | Found a roughly hewn altar of Beogh.
 29845 | Orc:1    | Found Lapp's Antique Armour Boutique.
 29853 | Orc:1    | Bought a crude cloak for 294 gold pieces
 29863 | Orc:1    | Identified the +0 cloak "Forget-Me-Not" {+Inv rC+} (You bought it in a shop on level 1 of the Orcish Mines)
 29909 | Orc:1    | Found a shimmering altar of Xom.
 30085 | Orc:2    | Entered Level 2 of the Orcish Mines
 30324 | Orc:2    | Found a staircase to the Elven Halls.
 30875 | Orc:2    | Reached XP level 15. HP: 92/92 MP: 29/29
 31011 | Orc:2    | Noticed Rupert
 31587 | Orc:2    | Found Kuunoira's Gadget Boutique.
 31721 | Orc:2    | Found an ancient bone altar of Kikubaaqudgha.
 31790 | Orc:2    | Found Qaogoekh's Magic Scroll Boutique.
 31813 | Orc:2    | Bought a scroll of identify for 28 gold pieces
 31813 | Orc:2    | Bought a scroll of identify for 28 gold pieces
 31822 | Orc:2    | Found a radiant altar of Vehumet.
 31905 | Orc:2    | Reached skill level 10 in Shields
 31908 | Orc:2    | Found a roughly hewn altar of Beogh.
 31908 | Orc:2    | Found Plog's Book Boutique.
 31955 | Orc:2    | Found Taruma's Antique Weapon Shop.
 32007 | Orc:2    | Bought the Volume of Attacks for 700 gold pieces
 32015 | Orc:2    | Learned a level 7 spell: Orb of Destruction
 32509 | D:12     | Reached skill level 5 in Necromancy
 32757 | D:12     | Found Leodiarch's Gadget Shop.
 33032 | D:12     | Offered knowledge of Poisonous Cloud by Vehumet.
 34279 | D:14     | Reached skill level 14 in Conjurations
 34375 | D:14     | Found a gate to the Vaults.
 37139 | D:15     | Entered Level 15 of the Dungeon
 37218 | D:15     | Reached XP level 16. HP: 75/97 MP: 24/30
 37620 | D:15     | Got a twisted trident
 37621 | D:15     | Identified the +10 trident "Tormentor" {pierce, *Contam rN+ Stlth+} (You found it on level 15 of the Dungeon)
 37787 | D:15     | Gained mutation: You are frail. (-10% HP) [mutagenic glow]
 37922 | D:15     | Reached skill level 15 in Conjurations
 39278 | D:15     | Offered knowledge of Freezing Cloud by Vehumet.
 39368 | D:15     | Found a staircase to the Depths.
 39539 | Lair:1   | Learned a level 3 spell: Spectral Weapon
 39631 | Spider:1 | Entered Level 1 of the Spider Nest
 39989 | Spider:1 | Reached skill level 16 in Conjurations
 40833 | Spider:1 | Reached ****** piety under Vehumet
 41573 | Spider:1 | Reached XP level 17. HP: 75/91 MP: 15/31
 41756 | Spider:1 | Offered knowledge of Bolt of Fire by Vehumet.
 42220 | Lair:1   | Learned a level 6 spell: Bolt of Fire
 42736 | Spider:1 | HP: 3/91 [jumping spider (3)]
 43075 | Spider:1 | Reached skill level 1 in Fire Magic
 44104 | Shoals:1 | Entered Level 1 of the Shoals
 44310 | Shoals:1 | Noticed Aizul
 44329 | Shoals:1 | Killed Aizul
 44531 | Shoals:1 | Reached skill level 17 in Conjurations
 45525 | Shoals:2 | Reached skill level 15 in Shields
 45793 | Shoals:2 | Reached skill level 5 in Fire Magic
 46890 | Shoals:3 | Noticed Nikola
 46905 | Shoals:3 | Killed Nikola
 46905 | Shoals:3 | Reached skill level 10 in Armour
 46905 | Shoals:3 | HP: 2/136 [/chain lightning (20)]
 46905 | Shoals:3 | Slain by a manticore

Skill      XL: |  1  2  3  4  5  6  7  8  9 10 11 12 13 14 15 16 17 |
---------------+----------------------------------------------------+-----
Conjurations   | 5 6 7 8 9 11 12 13 14 16 17 | 17.0
Shields        | 2 3 4 5 9 11 14 15 | 15.1
Spellcasting   | 3 4 5 6 7 8 9 10 | 10.4
Hexes          | 3 5 7 8 |  8.1
Charms         | 2 5 7 9 10 | 10.0
Armour         | 3 6 8 10 | 10.0
Fighting       | 5 8 10 | 10.0
Necromancy     | 3 5 |  5.4
Dodging        | 2 5 |  5.3
Fire Magic     | 5 |  5.9
Stealth        | |  2.1

Action                   |  1- 3 |  4- 6 |  7- 9 | 10-12 | 13-15 | 16-18 || total
-------------------------+-------+-------+-------+-------+-------+-------++-------
Melee: Unarmed           |    12 |       |       |       |       |       ||    12
       Whip              |    55 |    96 |    34 |       |       |       ||   185
       Quarterstaff      |       |       |   154 |    14 |       |       ||   168
       Flail             |       |       |       |   264 |   590 |   467 ||  1321
       Trident           |       |       |       |       |       |    22 ||    22
Throw: Tomahawk          |       |     2 |     1 |       |       |       ||     3
 Cast: Magic Dart        |    59 |    39 |    35 |   217 |   461 |   311 ||  1122
       Searing Ray       |     1 |    15 |    45 |    47 |    96 |     9 ||   213
       Dazzling Spray    |       |       |    11 |    13 |    46 |    31 ||   101
       Iskenderun's Batt |       |       |       |    43 |   133 |    65 ||   241
       Fulminant Prism   |       |       |       |     9 |    49 |    70 ||   128
       Shroud of Golubri |       |       |       |     3 |     6 |     1 ||    10
       Regeneration      |       |       |       |       |    13 |    10 ||    23
       Spectral Weapon   |       |       |       |       |       |    16 ||    16
       Orb of Destructio |       |       |       |       |       |    28 ||    28
       Bolt of Fire      |       |       |       |       |       |    15 ||    15
 Abil: Fly               |       |       |       |       |       |     1 ||     1
Evoke: Wand              |       |       |    10 |     3 |     5 |     2 ||    20
  Use: Scroll            |       |     6 |     9 |     2 |    16 |    14 ||    47
       Potion            |       |     6 |     3 |     4 |     7 |     5 ||    25
 Stab: Sleeping          |       |     1 |       |     2 |       |       ||     3
       Paralysed         |       |       |    11 |       |       |       ||    11
       Invisible         |       |       |     2 |       |     2 |       ||     4
       Petrified         |       |       |     2 |       |       |       ||     2
       Confused          |       |       |     1 |       |       |       ||     1
  Eat: Chunk             |     5 |     9 |    11 |    32 |    57 |    52 ||   166
       Bread ration      |       |       |     2 |     2 |     3 |     1 ||     8
       Meat ration       |       |       |       |       |     3 |       ||     3
       Fruit             |       |       |       |       |     2 |       ||     2
Armor: Robe              |    28 |    43 |    76 |   116 |       |       ||   263
       Skin              |       |     4 |       |    13 |    10 |     1 ||    28
       Ring mail         |       |       |       |    71 |     9 |       ||    80
       Leather armour    |       |       |       |       |   101 |       ||   101
       Fire dragon scale |       |       |       |       |   354 |   645 ||   999
Dodge: Dodged            |    46 |   115 |   260 |   420 |   779 |   557 ||  2177
Block: Buckler           |     1 |    28 |    24 |   111 |   299 |    26 ||   489
       Shield            |       |       |       |       |       |   641 ||   641
